Cogmind - Beta 15 @@@ ROGUE MODE // 2025.07.04 @ 16:06:31 Player: LameThyst Result: Destroyed by S-10 Pest with Light Assault Rifle Performance ------------- Evolutions (0) 0 Regions Visited (1) 200 Robots Destroyed (39) 195 Value Destroyed (702) 702 Prototype IDs (0) 0 Alien Tech Used (0) 0 Bonus (0) 0 TOTAL SCORE: 1097 Bonus ------- None Cogmind --------- Core Integrity 0/250 Matter 300/300 Energy 250/250 System Corruption 0% Temperature Cool (0) Movement Walking (190) Ox1 Location -10/Materials Parts ------- > --- POWER (1) -------- Ion Engine > --- PROPULSION (2) --- Aluminum Leg Aluminum Leg > --- UTILITY (2) ------ Large Storage Unit Signal Interpreter > --- WEAPON (2) ------- Beam Cannon Assault Rifle > --- INVENTORY (15) --- Ion Engine Aluminum Leg Aluminum Leg Aluminum Leg Aluminum Leg Improved Heat Sink Large Storage Unit Sensor Array EM Pulse Gun Particle Gun Peak State ------------ > --- POWER ------------ Ion Engine > --- PROPULSION ------- Aluminum Leg Aluminum Leg > --- UTILITY ---------- Small Storage Unit Improved Terrain Scanner > --- WEAPON ----------- Particle Gun Assault Rifle > --- INVENTORY -------- Ion Engine Aluminum Leg Compact Wheel Improved Heat Sink Large Matter Pod Tractor Beam EM Pulse Gun Particle Gun [Rating: 11] Favorites ----------- Power Ion Engine Engine Ion Engine Propulsion Aluminum Leg Leg Aluminum Leg Wheel Compact Wheel Utility Small Storage Unit Device Improved Terrain Scanner Storage Small Storage Unit Processor Signal Interpreter Weapon Assault Rifle Energy Gun Particle Gun Energy Cannon Beam Cannon Ballistic Gun Assault Rifle Ballistic Cannon Light Cannon Build | -11 -10 ------- Run | Yrd Mat Slots Evolved . | . . Power . | . . Propulsion . | . . Utility . | . . Weapon . | . . Parts Attached 33 | 9 24 Power 4 | 1 3 Engine 4 | 1 3 Core . | . . Reactor . | . . Propulsion 13 | 2 11 Treads . | . . Leg 12 | 2 10 Wheel 1 | . 1 Hover . | . . Flight . | . . Utility 8 | 3 5 Device 1 | . 1 Storage 6 | 3 3 Processor 1 | . 1 Hackware . | . . Protection . | . . Artifact . | . . Weapon 8 | 3 5 Energy Gun 5 | 2 3 Energy Cannon 1 | . 1 Ballistic Gun 1 | 1 . Ballistic Cannon 1 | . 1 Launcher . | . . Special Weapon . | . . Impact Weapon . | . . Slashing Weapon . | . . Piercing Weapon . | . . Special Melee Weapon . | . . Unidentified Prototypes . | . . Parts Lost 4 | . 4 Power 1 | . 1 Propulsion 2 | . 2 Utility . | . . Weapon 1 | . 1 Highest Loss Streak 2 | . 2 To Critical Strikes . | . . Average Backups 8 | 6 8 Power . | . . Propulsion 2 | 3 2 Utility 2 | 1 2 Weapon 1 | . 2 Tool/Special . | . . Unused Backups 12 | 2 10 Power 1 | . 1 Propulsion 6 | 1 5 Utility 5 | 1 4 Weapon . | . . Tool/Special . | . . Average Slot Usage (%) 98 | . 98 Engine 13 | . 13 Leg 23 | . 23 Wheel 3 | . 3 Storage 16 | . 16 Processor 10 | . 10 Energy Gun 8 | . 8 Energy Cannon 2 | . 2 Ballistic Gun 6 | . 6 Ballistic Cannon 10 | . 10 Peak Build Rating 11 | 8 11 Average Rating 7 | 6 8 On Entrance 4 | . 8 Naked Turns . | . . Heaviest Build 90 | 14 90 Greatest Support 20 | 20 20 Greatest Overweight (x) 9 | 1 9 Average Overweight (x) . | . . Largest Inventory Capacity 25 | 8 25 Average Capacity 10 | 7 11 Most Carried 12 | 8 12 Average Carried 8 | 7 8 Final Capacity 15 | 8 15 Final Carried 10 | 8 10 Class Distribution -------------------- 100% | Mutant Dominant Class ---------------- Mutant | -10/Materials Resources | -11 -10 ----------- Run | Yrd Mat Matter Collected 1238 | 433 805 Remotely . | . . Salvage Created 1095 | 363 732 Parts 77 | 30 47 Haulers Intercepted 1 | . 1 Recyclers Shooed 1 | . 1 Parts Field Recycled . | . . Retrieved Matter . | . . Parts Self-Destructed . | . . Prevented . | . . Kills | -11 -10 ------- Run | Yrd Mat Combat Hostiles Destroyed 17 | . 17 Guns 8 | . 8 Cannons 9 | . 9 Classes Destroyed 7 | 3 4 Worker 6 | 4 2 Tunneler 9 | 9 . Hauler 1 | . 1 Recycler 3 | 1 2 Watcher 3 | . 3 Swarmer 3 | . 3 Grunt 14 | . 14 Best Kill Streak 6 | 3 6 Combat Bots Only 4 | . 4 Max Kills in Single Turn 1 | 1 1 Gunslinging . | . . Exploded . | . . Melee . | . . Uniques/NPCs Destroyed . | . . Combat | -11 -10 -------- Run | Yrd Mat Hostile Shots Fired 113 | . 113 Missed 15 | . 15 Hits 98 | . 98 Projectile 98 | . 98 Damage Taken 1139 | . 1139 Core 256 | . 256 Absorbed by Shields . | . . Regen/Repaired (Parts) 78 | . 78 Core Remaining (%) 100 | 100 . Volleys Fired 128 | 36 92 Largest 2 | 2 2 Hottest 95 | 60 95 Shots Fired 249 | 72 177 Gun 166 | 72 94 Cannon 83 | . 83 Launcher . | . . Special . | . . Kinetic 137 | 36 101 Thermal 87 | 14 73 Explosive . | . . Electromagnetic 25 | 22 3 Robot Hit Streak 8 | 6 8 Robot Miss Streak 6 | 4 6 Penetration Max . | . . Secondary Targets . | . . Shots Hit Robots 126 | 37 89 Core Hits 50 | 15 35 Critical Kills 1 | 1 . Critical Parts Destroyed . | . . Critical Strikes 4 | 1 3 Burn 1 | . 1 Destroy 1 | 1 . Blast 2 | . 2 Melee Attacks . | . . Impact . | . . Slashing . | . . Piercing . | . . Sneak Attacks . | . . Combat Hostiles . | . . Follow-up Attacks . | . . Damage Inflicted 1981 | 485 1496 Guns 1103 | 485 618 Cannons 878 | . 878 Explosions . | . . Melee . | . . Ramming . | . . Kinetic 1145 | 247 898 Thermal 658 | 75 583 Explosive . | . . Electromagnetic 178 | 163 15 Impact . | . . Slashing . | . . Piercing . | . . Highest Corruption . | . . Average Corruption . | . . Corruption Purged . | . . Corruption Blocked . | . . Overload Shots . | . . Overflow Damage . | . . Projectiles . | . . Explosions . | . . Melee . | . . Knockbacks 13 | . 13 Impact . | . . Kinetic 12 | . 12 Secondary 1 | . 1 Self-Inflicted Damage . | . . Shots . | . . Rammed . | . . Targets Rammed . | . . Kicked . | . . Crushed . | . . Highest Temperature 454 | . 454 Average Temperature 119 | . 119 Received Heat Transfer 549 | . 549 Effects 6 | . 6 Shutdowns 2 | . 2 Interference 1 | . 1 Matter Decay 2 | . 2 Damage (minor) 1 | . 1 Siege Activations . | . . Martial Activations . | . . Shielding Activations . | . . Robots Disrupted . | . . Combat Hostiles . | . . Robots Corrupted . | . . Combat Hostiles . | . . Parts Fried 1 | 1 . Impact Corruptions . | . . Robots Melted . | . . Combat Hostiles . | . . Parts Melted . | . . Heat Transferred 1595 | 175 1420 Parts Sabotaged . | . . Parts Stolen . | . . Parts Stripped . | . . Power Chain Reactions . | . . Alert | -11 -10 ------- Run | Yrd Mat Maximum Alert Level . | . . Low Security (%) 100 | 100 100 Level 1 . | . . Level 2 . | . . Level 3 . | . . Level 4 . | . . Level 5 . | . . High Security . | . . Max Security . | . . Peak Influence 102 | 10 102 Initial . | . . Average 25 | 1 34 Influence Increases 592 | 70 522 Destroy 0b10 Robot/C 340 | . 340 Destroy 0b10 Robot/NC 110 | 70 40 Destroy Leader 98 | . 98 Successful Hack 11 | . 11 Disable Machine 30 | . 30 Destroy Structure 3 | . 3 Influence Decreases 506 | 70 436 Time Decay 466 | 70 396 Lost Part 40 | . 40 Squads Dispatched 6 | . 6 Investigation 5 | . 5 Extermination . | . . Reinforcement 1 | . 1 Assault . | . . Garrison . | . . Intercept . | . . Searches Triggered . | . . Construction Impeded . | . . Haulers Reinforced . | . . Active Scanning Responses . | . . Cargo Convoy Interrupts . | . . Stealth | -11 -10 --------- Run | Yrd Mat Distress Signals 1 | . 1 Communications Jammed . | . . Distress Signals . | . . Times Spotted 33 | . 33 Peak Tracking Total 3 | . 3 Tactical Retreats . | . . Traps | -11 -10 ------- Run | Yrd Mat Traps Triggered 4 | . 4 Indirectly . | . . Trap Hack Attempts . | . . Triggered . | . . Disarmed . | . . Reprogrammed . | . . Reused . | . . Traps Extracted . | . . Installed . | . . Triggered . | . . Machines | -11 -10 ---------- Run | Yrd Mat Machines Disabled 2 | . 2 Max in Single Turn 1 | . 1 Machines Repaired . | . . Machines Dismantled . | . . Machines Sabotaged . | . . Overloaded Fab Kills . | . . Hacking | -11 -10 --------- Run | Yrd Mat Machines Accessed 7 | . 7 Terminals 6 | . 6 Fabricators . | . . Repair Stations 1 | . 1 Recycling Units . | . . Scanalyzers . | . . Garrison Access . | . . Total Hacks 24 | . 24 Successful 9 | . 9 Failed 15 | . 15 Catastrophic 3 | . 3 Database Lockouts . | . . Manual 7 | . 7 Terminals 16 | . 16 Fabricators . | . . Repair Stations 8 | . 8 Recycling Units . | . . Scanalyzers . | . . Garrison Access . | . . Terminal Hacks 1 | . 1 Zone Layout 1 | . 1 Fabricator Hacks . | . . Repair Station Hacks 8 | . 8 Scan Component 4 | . 4 Repair 4 | . 4 Recycling Unit Hacks . | . . Scanalyzer . | . . Garrison Access Hacks . | . . Unauthorized Hacks . | . . Terminals . | . . Fabricators . | . . Repair Stations . | . . Recycling Units . | . . Scanalyzers . | . . Garrison Access . | . . Data Cores Recovered . | . . Used . | . . Hacking Detections 7 | . 7 Full Trace Events 3 | . 3 Feedback Events . | . . Feedback Blocked . | . . Robot Schematics Acquired . | . . Robots Built . | . . Authchips . | . . Time . | . . Total Robot Build Rating . | . . Part Schematics Acquired . | . . Parts Built . | . . Authchips . | . . Time . | . . Total Part Build Rating . | . . Parts Repaired 4 | . 4 Time 104 | . 104 Parts Recycled . | . . Recycled Matter . | . . Retrieved Matter . | . . Retrieved Components . | . . Parts Scanalyzed . | . . Part Schematics Acquired . | . . Parts Damaged . | . . Bothacking | -11 -10 ------------ Run | Yrd Mat Used RIF Installer . | . . Robots Hacked . | . . Non-combat . | . . Combat . | . . Robot Hacks Applied . | . . Relay Couplers Released . | . . Fabnet Peak Effective % . | . . Robots Rewired . | . . Allies Hacked . | . . Hacks Repelled . | . . Allies | -11 -10 -------- Run | Yrd Mat Total Allies . | . . Largest Group . | . . Highest-Rated Group . | . . Highest-Rated Ally . | . . Total Orders . | . . Ally Attacks . | . . Total Damage . | . . Kills . | . . Allies Corrupted . | . . Allies Melted . | . . Intel | -11 -10 ------- Run | Yrd Mat Active Infowar (turns) 57 | . 57 Terrain 57 | . 57 Robot Analysis Total . | . . Derelict Logs Recovered . | . . Drone Launches . | . . Drone Recoveries . | . . Exploration | -11 -10 ------------- Run | Yrd Mat Turns Passed 1984 | 561 1423 Spaces Moved 992 | 361 631 Core 8 | 6 2 Treads . | . . Legs 822 | 355 467 Wheels 162 | . 162 Hover . | . . Flight . | . . Fastest Speed 50 | 50 115 Average Speed 129 | 119 136 Slowest Speed 500 | 120 500 Overloaded Moves . | . . Propulsion Burnouts . | . . Robots Hopped . | . . Potential Cave-ins . | . . Cave-ins Triggered . | . . Exploration Rate (%) 39 | 7 71 Regions Visited 1 Branch Regions . Pre-discovered Areas . | . . Known Exits Taken . | . . Unknown Exits Taken 1 | 1 . Scrap Searched . | . . Spaces Dug . | . . Terrain Destroyed . | . . Melee . | . . Projectile . | . . AOE . | . . Terrain Rammed . | . . Walls Destroyed . | . . Machines Disabled . | . . Actions | -11 -10 --------- Run | Yrd Mat Total 1441 | 417 1024 Wait 221 | . 221 Move 991 | 360 631 Hop . | . . Pick Up 32 | 10 22 Fast Attach 9 | 7 2 Attach 3 | . 3 Detach . | . . Swap 29 | 2 27 Drop 28 | 2 26 Fire 128 | 36 92 Melee . | . . Ram . | . . Kick . | . . Crush . | . . Escape Stasis . | . . Rewire . | . . Trap . | . . Miscellaneous . | . . Route ------- -11/Scrapyard -10/Materials (discovered 2 exits: [*Mat] / *Min) History --------- Turn | Location | Event 16 | -11/Scrapyard | Discovered new exit (range 15) 562 | -11/Scrapyard | Entered Materials 581 | -10/Materials | Build established: Mutant 1081 | -10/Materials | Repaired Tractor Beam 1108 | -10/Materials | Repaired Aluminum Leg 1135 | -10/Materials | Repaired Aluminum Leg 1163 | -10/Materials | Repaired Assault Rifle 1233 | -10/Materials | Core integrity fell below 50% 1655 | -10/Materials | Discovered new exit (range 10) 1787 | -10/Materials | Discovered new exit (range 12) 1814 | -10/Materials | Identified exit to Mines 1884 | -10/Materials | Core integrity fell below 20% 1985 | -10/Materials | Destroyed by S-10 Pest with Light Assault Rifle Last Messages --------------- 01918_ Extracted 50 matter. 01920_ K-01 Serf collects debris. 01928_ Acquired Aluminum Leg. 01931_ K-01 Serf collects debris. 01933_ Dropped Ion Engine. 01933_ K-01 Serf collects debris. 01936_ Acquired 76 matter. 01937_ K-01 Serf collects debris. 01941_ Acquired Aluminum Leg. 01942_ Dropped Aluminum Leg. 01943_ Acquired 3 matter. 01946_ Acquired Ion Engine. 01947_ Dropped Ion Engine. 01948_ Acquired 21 matter. 01950_ Acquired 9 matter. 01953_ Acquired Aluminum Leg. 01954_ Dropped Aluminum Leg. 01955_ Acquired 4 matter. 01957_ Acquired 1 matter. 01961_ Acquired 10 matter. Map ----- +----------------------------------------------------+ | #???????????????????????????????????? | | #???????????????????????????????????? | | #???????????????????????????????????? | | #???????????????????????????????????? | | ###?????????????????????????????????? | | ################????######????????? | | ??? ?????????? | | ??? ?????????? | | """ ??? ?????????? | | """" ##########??????# #?????????? | | """" # ??????????????# #?????????? | | # ?#???????# #?????????? | | / # """ #???????# #?????????? | | /%!! # """"" #???????# ^#?????????? | | #/! ##% # """"" #???????#^ ^#?????????? | | "= # # """"" #???????# #?????????? | | # # """ #???????# #?????????? | | # # #???????# = #?????????? | | > # ###+############# #?????????? | | # !*[ *!#?????????? | | # = =*% #?????????? | | " # *! ! #?????????? | | # = ## ################= k#?????????? | | * #??????????????# #?????????? | | #??????????????# #?????????? | | #??????????????#@ #?????????? | | "" #???????###"Y"## #?????????? | | "" ###+#####????# #?????????? | | "" # #????# s +?????????? | | + #????# !!!s #?????????? | | # #??#"" !!! ##?????????? | | #########??#"T !!! #??????????? | | #####???########"" #??????????? | | #???# #?## #??????????? | | #?#?# ? ??????????? | | #???# #####+#??????????? | | #???# ?????????????????? | | #???# ######??????????????????? | | +######### ##???????????????????????? | | [# # #????????????????????????? | | # # #????????????????????????? | | #""" + #????????????????????????? | | ####""" # #????????????????????????? | | ???#""" # #????????????????????????? | | ???#""" # ##???????????????????????? | | ???#""" # ???????????????????????? | | ???# # ???????????????????????? | | ???####### ???????????????????????? | | ????#######+###???????????????????????? | | ????# ???????????????????????? | +----------------------------------------------------+ Best States ------------- Heat Dissipation 25 Energy Generation 10 Energy Capacity 250 Matter Stores 424 Matter Capacity 450 Sight Range 16 Terrain Scan Range 16 Terrain Scan Density 10 Evasion (%) 55 Item Schematics ----------------- None Robot Schematics ------------------ None Fabricated ------------ Nothing Repaired ---------- Tractor Beam | 40% | -10/Materials Aluminum Leg | 77% | -10/Materials Aluminum Leg | 80% | -10/Materials Assault Rifle | 75% | -10/Materials Alien Tech Used ----------------- None Achievements -------------- None Challenges ------------ None Game ------ Seed CouplerRingPick Manual? 0 Play Time 00:18:30 Cumulative 54.0 hours Start 2025.07.04 @ 10:54:21 End 2025.07.04 @ 16:06:31 Sessions 2 Manual Loads 0 Difficulty Rogue Special Mode None Game No. 62 Rogue 62 Adventurer 0 Explorer 0 Win Type - Total 0 Types 0/0/0/0/0/0/0/0/0/0 Lore% 21 Gallery% 35 Achievement% 28 Wizard Run 0 Options --------- Layout 1 ASCII 0 Keyboard 0 Movement Mouse Keybinds 0 Fullscreen 2 Font 48/Smallcaps Map View 50x35 Zoom Use 0% Tactical HUD 1 Map Filters NONE Filters NONE Steam 0 RUN: f3b4c79a-1191-42b8-82a8-5fd2b9e2496a